 Dungeon Crawl Stone Soup version 0.23.2-1-ga50397a (webtiles) character file.

Game seed: 12873618026135394090

4886 whitewolfNL the Fighter (level 10, 0/91 HPs)
             Began as a Minotaur Berserker on May 17, 2019.
             Was an Elder of Trog.
             Killed by divine providence
             ... invoked by an orc priest
              (10 damage)
             ... on level 8 of the Dungeon.
             The game lasted 00:27:52 (8540 turns).

whitewolfNL the Fighter (Minotaur Berserker)        Turns: 8540, Time: 00:27:53

Health: 0/91       AC: 10    Str: 27    XL:     10   Next: 26%
Magic:  12/12      EV: 13    Int:  4    God:    Trog [****..]
Gold:   403        SH: 10    Dex: 12    Spells: 9/9 levels left

rFire    . . .     SeeInvis .   E - +2 flail (protect)
rCold    . . .     Gourm    .   J - +0 shield
rNeg     . . .     Faith    .   K - +3 ring mail {rPois}
rPois    +         Spirit   .   (helmet restricted)
rElec    .         Reflect  .   I - scarf {repulsion}
rCorr    .         Harm     .   r - +0 pair of gloves
MR       .....                  (no boots)
Stlth    +.........             (no amulet)
HPRegen  0.25/turn              G - ring of poison resistance
MPRegen  0.13/turn              v - +4 ring of strength

@: about to teleport, berserk cooldown, flying, repel missiles
A: retaliatory headbutt, horns 2
a: Berserk, Trog's Hand, Brothers in Arms, Renounce Religion


You were on level 8 of the Dungeon.
You worshipped Trog.
Trog was greatly pleased with you.
You were not hungry.

You visited 1 branch of the dungeon, and saw 8 of its levels.

You collected 403 gold pieces.

Inventory:

Hand Weapons
 E - a +2 flail of protection (weapon)
Missiles
 f - 33 bolts
 g - 164 stones (quivered)
 l - 69 sling bullets
 m - 137 arrows
 n - 30 poisoned needles
Armour
 a - the +1 leather armour of Immorality {-Cast +Inv rPois}
   (You found it on level 4 of the Dungeon)

   It protects you from poison.
   It lets you turn invisible.
   It prevents spellcasting.
 r - a +0 pair of gloves (worn)
 I - a scarf of repulsion (worn)
 J - a +0 shield (worn)
 K - a +3 ring mail of poison resistance (worn)
Jewellery
 d - an uncursed ring of resist corrosion
 k - a +5 ring of evasion
 v - a +4 ring of strength (right hand)
 G - a ring of poison resistance (left hand)
 L - an uncursed amulet of guardian spirit {unknown}
Wands
 e - a wand of digging (6)
 s - a wand of polymorph (5)
 A - a wand of iceblast (12)
 F - a wand of enslavement (13)
Scrolls
 h - 2 scrolls of enchant armour
 p - a scroll of fear {unknown}
 u - 3 scrolls of enchant weapon
 w - 5 scrolls of teleportation
 y - a scroll of blinking {unknown}
 C - 3 scrolls of identify
 H - a scroll of fog {unknown}
Potions
 b - a potion of ambrosia {unknown}
 i - a potion of cancellation {unknown}
 j - 4 potions of flight
 o - 4 potions of curing {unknown}
 q - a potion of brilliance {unknown}
 t - 3 potions of haste {unknown}
 x - a potion of berserk rage {unknown}
 z - 3 potions of agility {unknown}
 D - a potion of might {unknown}
Comestibles
 c - 20 rations


   Skills:
 * Level 9.6 Fighting
 * Level 9.5 Maces & Flails
 - Level 1.0 Throwing
 + Level 6.7 Armour
 * Level 8.4 Dodging
 - Level 1.0 Stealth
 - Level 4.0 Shields
 - Level 4.0 Evocations


You had 9 spell levels left.
You didn't know any spells.
Your spell library was empty.

Dungeon Overview and Level Annotations

Branches:
Dungeon (8/15)             Temple (0/1) D:7            Lair (0/6) D:8

Altars:
Ashenzari
Elyvilon
Fedhas
Gozag
Kikubaaqudgha
Makhleb
Okawaru
Qazlal
Vehumet
Wu Jian
Xom
The Shining One

Shops:
D:5 [

Annotations:
D:7 Pikel


Innate Abilities, Weirdness & Mutations

You reflexively headbutt those who attack you in melee.
You have a pair of horns on your head.


Message History

You fly up into the air.
You feel yourself speed up. You block the warg's attack.
The warg closely misses you. You furiously retaliate!
You headbutt the warg, but do no damage.
You block the adder's attack.
You reach down and open the door.
You block the adder's attack. The warg misses you. You furiously retaliate!
You headbutt the warg!
You kill the warg!
Trog accepts your kill.
The orc priest invokes the aid of Beogh against you.
You struggle to resist.
The adder bites you but does no damage.
There is an open door here.
There's a creature in the doorway!
As you read the scroll of teleportation, it crumbles to dust.
You feel strangely unstable. The adder barely misses you.
You block the adder's attack.
The orc priest invokes the aid of Beogh against you.
Beogh smites you!
You die...

##..h....##..#######. #.
#...#)######..#######. #. #.#
#.######.......... #. #...
#ooo.oS...######## #.## #.#
########o..## ..# #.### ##....[##
. #.# #.#.## ##†......## #
..##.#######....####.o.......####
................@S.oo........+...
..##.#######....####.........####
#.# #.#.## ##.......## # #.#
#.### ##.....## #.# ##.## ##...##
##.# #...# ##'## #..# #...# #.#
#.## #...# #.# #)# ##.##
######.########


You could see 2 orc priests, an adder and an orc.

Vanquished Creatures
  A two-headed ogre (D:8)
  Joseph (D:8)
  A hippogriff (D:7)
  Sigmund (D:3)
  Grum (D:8)
  Menkaure (D:4)
  Edmund (D:4)
  3 wargs (D:8)
  Duvessa (D:4)
  4 slaves (D:7)
  2 sky beasts
  2 black bears (D:7)
  A phantom (D:4)
  2 ice beasts (D:8)
  A centaur (D:8)
  2 ogres
  2 wolves (D:8)
  A crocodile (D:7)
  2 bullfrogs
  Dowan (D:4)
  4 scorpions
  3 killer bees (D:8)
  A howler monkey (D:4)
  5 crimson imps
  A centaur zombie (D:6)
  A bullfrog zombie (D:8)
  2 orc priests
  Crazy Yiuf (D:5)
  A jelly (D:6)
  4 hounds
  8 orc wizards
  A bullfrog skeleton (D:5)
  Ijyb (D:3)
  4 worker ants
  An iguana (D:7)
  3 hound skeletons
  A hound zombie (D:7)
  A howler monkey zombie (D:6)
  2 worker ant zombies
  6 adders
  A white imp (D:4)
  An ooze (D:4)
  4 adder skeletons
  A worm (D:3)
  6 leopard geckos
  14 orcs
  A ball python (D:1)
  5 bats
  9 giant cockroaches
  8 goblins
  7 hobgoblins
  14 jackals
  8 kobolds
  3 quokkas
  6 frilled lizards
  A goblin skeleton (D:4)
  A goblin zombie (D:4)
  A hobgoblin zombie (D:4)
  A leopard gecko zombie (D:4)
  An orc skeleton (D:4)
  An orc zombie (D:4)
  4 rats
180 creatures vanquished.

Vanquished Creatures (others)
  A quokka (D:3)
1 creature vanquished.

Grand Total: 181 creatures vanquished

Notes
Turn   | Place    | Note
-------+----------+-------------------------------------------
     0 | D:1      | whitewolfNL the Minotaur Berserker began the quest for the
                  | Orb.
     0 | D:1      | Reached XP level 1. HP: 19/19 MP: 0/0
   292 | D:1      | Reached XP level 2. HP: 26/27 MP: 1/1
  1134 | D:2      | Reached ** piety under Trog
  1134 | D:2      | Reached XP level 3. HP: 33/33 MP: 2/2
  1212 | D:2      | Reached skill level 1 in Throwing
  1532 | D:2      | Reached skill level 1 in Stealth
  1691 | D:2      | Reached XP level 4. HP: 34/40 MP: 3/3
  1755 | D:2      | Found a blossoming altar of Fedhas.
  1757 | D:2      | Found an ancient bone altar of Kikubaaqudgha.
  1781 | D:2      | Found an iron altar of Okawaru.
  1781 | D:2      | Found a burning altar of Makhleb.
  2564 | D:3      | Noticed Sigmund
  2569 | D:3      | Killed Sigmund
  2569 | D:3      | Reached skill level 5 in Fighting
  2569 | D:3      | Reached XP level 5. HP: 47/48 MP: 4/4
  2814 | D:3      | Found an opulent altar of Gozag.
  2843 | D:3      | Reached skill level 5 in Maces & Flails
  2843 | D:3      | Reached XP level 6. HP: 41/56 MP: 5/5
  2937 | D:3      | Found a white marble altar of Elyvilon.
  3425 | D:3      | Noticed Ijyb
  3718 | D:3      | Killed Ijyb
  3748 | D:4      | Noticed a sky beast
  3756 | D:4      | Killed a sky beast
  3790 | D:5      | Entered Level 5 of the Dungeon
  4134 | D:5      | Reached XP level 7. HP: 57/62 MP: 6/6
  4490 | D:5      | Reached *** piety under Trog
  4530 | D:5      | Found Irobbig's Antique Armour Emporium.
  4571 | D:5      | Found a runed translucent door.
  4572 | D:5      | Noticed Crazy Yiuf
  4626 | D:5      | Killed Crazy Yiuf
  4828 | D:4      | Reached skill level 5 in Dodging
  4883 | D:4      | Got a heavily runed leather armour
  4930 | D:4      | Found a glowing golden altar of the Shining One.
  4961 | D:4      | Noticed Edmund
  4969 | D:4      | Killed Edmund
  4969 | D:4      | Reached skill level 1 in Evocations
  4991 | D:4      | Identified the cursed +1 leather armour of Immorality
                  | {-Cast +Inv rPois} (You found it on level 4 of the Dungeon)
  5120 | D:4      | Noticed Duvessa
  5131 | D:4      | Noticed Dowan
  5136 | D:4      | Killed Duvessa
  5136 | D:4      | Reached XP level 8. HP: 50/71 MP: 6/8
  5140 | D:4      | Killed Dowan
  5152 | D:4      | Found a shattered altar of Ashenzari.
  5386 | D:4      | Noticed Menkaure
  5391 | D:4      | Killed Menkaure
  5391 | D:4      | Reached skill level 5 in Armour
  5912 | D:6      | Found an ornate altar of the Wu Jian Council.
  6054 | D:6      | Reached **** piety under Trog
  6094 | D:6      | Found a radiant altar of Vehumet.
  6591 | D:7      | Found a staircase to the Ecumenical Temple.
  6674 | D:7      | Reached XP level 9. HP: 81/81 MP: 10/10
  6830 | D:7      | Found a shimmering altar of Xom.
  7034 | D:7      | Noticed Pikel
  7515 | D:7      | Found a stormy altar of Qazlal.
  8076 | D:8      | Noticed Joseph
  8089 | D:8      | Killed Joseph
  8089 | D:8      | Reached skill level 1 in Shields
  8151 | D:8      | Noticed a two-headed ogre
  8174 | D:8      | Killed a two-headed ogre
  8266 | D:8      | Reached XP level 10. HP: 91/91 MP: 12/12
  8294 | D:8      | Noticed Grum
  8307 | D:8      | Killed Grum
  8497 | D:8      | Found a staircase to the Lair.
  8540 | D:8      | Killed from afar by an orc priest

Skill      XL: |  1  2  3  4  5  6  7  8  9 10 |
---------------+-------------------------------+-----
Fighting       | 4 5 6 7 9 |  9.6
Throwing       | 1 |  1.0
Stealth        | 1 |  1.0
Maces & Flails | 4 5 6 7 9 |  9.5
Dodging        | 3 4 5 6 8 |  8.4
Armour         | 3 4 5 6 |  6.7
Evocations     | 1 3 4 |  4.0
Shields        | 3 4 |  4.0

Action                   |  1- 3 |  4- 6 |  7- 9 | 10-12 || total
-------------------------+-------+-------+-------+-------++-------
Melee: Mace              |    93 |   100 |    30 |       ||   223
       Headbutt          |    11 |    18 |    56 |    10 ||    95
       Unarmed           |       |     9 |       |       ||     9
       Flail             |       |       |   211 |    57 ||   268
Invok: Berserk           |     1 |     3 |    15 |     3 ||    22
 Abil: Evoke Invisibilit |       |       |     1 |       ||     1
  Use: Scroll            |       |     2 |     7 |     1 ||    10
       Potion            |       |       |       |     1 ||     1
 Stab: Sleeping          |     1 |       |       |       ||     1
       Invisible         |       |       |     2 |       ||     2
  Eat: Chunk             |     2 |     8 |    22 |     1 ||    33
       Ration            |       |     1 |     2 |     1 ||     4
Armor: Animal skin       |    25 |     1 |       |       ||    26
       Ring mail         |       |    49 |    12 |    21 ||    82
       Chain mail        |       |       |    10 |       ||    10
       Leather armour    |       |       |    64 |       ||    64
Dodge: Dodged            |    87 |    44 |   158 |    40 ||   329
       Deflected         |       |       |     3 |       ||     3
Block: Shield            |       |       |     8 |    33 ||    41
